 Dungeon Crawl Stone Soup version 0.29-a0-330-g52719c12eb (webtiles) character file.

Game seed: 6852012625095981105

149 dohliylev the Ruffian (level 5, -4/49 HPs)
             Began as a Troll Warper on May 27, 2022.
             Slain by a gnoll
             ... wielding a +2 hand axe
              (6 damage)
             ... on level 3 of the Dungeon.
             The game lasted 00:05:09 (1577 turns).

dohliylev the Ruffian (Troll Warper)                Turns: 1577, Time: 00:05:09

Health: -4/49      AC:  4    Str: 21    XL:     5   Next: 9%
Magic:  6/6        EV: 10    Int:  9    God:
Gold:   76         SH:  0    Dex:  9    Spells: 6/6 levels left

rFire   + . .      SeeInvis .     - Unarmed
rCold   x . .      Faith    +   (no shield)
rNeg    . . .      Spirit   .   a - +0 robe
rPois   .          Reflect  .   (helmet restricted)
rElec   .          Harm     .   (no cloak)
rCorr   .          Rampage  .   (gloves unavailable)
Will    +....                   (boots unavailable)
Stlth   +.........              g - amulet of faith
HPRegen 0.96/turn               n - ring of willpower
MPRegen 0.10/turn               l - ring of fire

@: no status effects
A: large, unfitting armour, claws 3, regeneration 1, shaggy fur 1, tough skin 1
a: no special abilities


You were on level 3 of the Dungeon.
You visited 1 branch of the dungeon, and saw 3 of its levels.

You collected 76 gold pieces.

Inventory:

Missiles
 c - 7 boomerangs of dispersal (quivered)
Armour
 a - a +0 robe (worn)
Jewellery
 g - an amulet of faith (around neck)
 l - a ring of fire (right claw)
 n - a ring of willpower (left claw)
Wands
 q - a wand of acid (10)
Scrolls
 b - a scroll of blinking
 d - 2 scrolls of identify {unknown}
 e - 2 scrolls of torment {unknown}
 f - 3 scrolls of teleportation {unknown}
 j - a scroll of brand weapon {unknown}
 k - a scroll of fear {unknown}
 m - a scroll of enchant armour {unknown}
 p - a scroll of immolation {unknown}
Potions
 h - a potion of curing {unknown}
 i - a potion of mutation {unknown}
 o - a potion of flight {unknown}


   Skills:
 + Level 1.9 Fighting
 + Level 0.9 Throwing
 + Level 2.8 Dodging
 + Level 3.5 Unarmed Combat
 + Level 1.4 Spellcasting
 + Level 2.7 Translocations


You had 6 spell levels left.
You didn't know any spells.
Your spell library contained the following spells:

 Spells                   Type           Power      Damage    Failure   Level
 Blink                    Tloc           10%        N/A       17%         2
 Gell's Gravitas          Tloc           5%         N/A       34%         3
 Lesser Beckoning         Tloc           5%         N/A       34%         3
 Teleport Other           Tloc           5%         N/A       34%         3
 Portal Projectile        Hex/Tloc       6%         N/A       52%         3
 Iskenderun's Mystic Bla  Conj/Tloc      3%         2d3       89%         4
 Manifold Assault         Tloc           5%         N/A       97%         5
 Fulminant Prism          Conj/Hex       0%         3d6       98%         4
 Blade Hands              Tmut           0%         N/A       100%        5
 Excruciating Wounds      Necr           0%         N/A       100%        5
 Lee's Rapid Deconstruct  Erth           0%         3d5*      100%        5


Dungeon Overview and Level Annotations

Branches:
Dungeon (3/15)

Altars:
Sif Muna

Shops:
D:2 *[:*(


Innate Abilities, Weirdness & Mutations

You are too large for most types of armour.
You have claws for hands.
Your natural rate of healing is unusually fast.
You are covered in fur. (AC +1)
You have tough skin. (AC +1)


Message History

You are too injured to fight recklessly!
You are too injured to fight recklessly!
You are too injured to fight recklessly!
You are too injured to fight recklessly!
You are too injured to fight recklessly!
You are too injured to fight recklessly!
You barely miss the white imp.
The white imp is severely wounded.
The white imp closely misses you.
You barely miss the white imp.
The white imp is severely wounded.
The white imp closely misses you.
You closely miss the white imp.
The white imp is severely wounded.
The white imp gestures at you. The puff of frost hits you!
You feel a terrible chill!
* * * LOW HITPOINT WARNING * * *
You claw the white imp!
You kill the white imp!
A gnoll comes into view. It is wielding a +2 hand axe.
The gnoll attacks as you move away! The gnoll hits you with a +2 hand axe!
* * * LOW HITPOINT WARNING * * *
The gnoll attacks as you move away! The gnoll hits you with a +2 hand axe.
* * * LOW HITPOINT WARNING * * *
The gnoll attacks as you move away! The gnoll hits you with a +2 hand axe.
* * * LOW HITPOINT WARNING * * *
The hobgoblin shouts!
The gnoll attacks as you move away! The gnoll hits you with a +2 hand axe.
* * * LOW HITPOINT WARNING * * *
The hobgoblin attacks as you move away! The hobgoblin hits you.
* * * LOW HITPOINT WARNING * * *
The gnoll attacks as you move away! The gnoll hits you with a +2 hand axe.
* * * LOW HITPOINT WARNING * * *
The gnoll attacks as you move away! The gnoll hits you with a +2 hand axe.
* * * LOW HITPOINT WARNING * * *
The hobgoblin hits you.
* * * LOW HITPOINT WARNING * * *
The hobgoblin attacks as you move away! The hobgoblin closely misses you.
The gnoll attacks as you move away! The gnoll hits you with a +2 hand axe.
You die...

######.##### ##.
#..........# ## #####
###..........# #∩ ....#
#####............# ..#
###.######...#.#..........#
#..
.........#...#.#..........#
##
.........#...#.#..........#
......)..#...#.#gg........#
................@.........#
###.######...#............#
# #.# #...#..###########
###.##########..#
)..).)...........
###.##########...# # #<#
#.... # ### #...## #


You could see a gnoll and a hobgoblin.

Vanquished Creatures
  An ogre (D:2)
  An adder (D:3)
  A white imp (D:3)
  3 orcs (D:3)
  3 bats
  7 endoplasms
  A giant cockroach (D:3)
  8 goblins
  3 hobgoblins
  3 kobolds
  2 quokkas
  2 ball pythons
  3 frilled lizards
  3 rats
41 creatures vanquished.

Notes
Turn   | Place    | Note
-------+----------+-------------------------------------------
     0 | D:1      | dohliylev the Troll Warper began the quest for the Orb.
     0 | D:1      | Reached XP level 1. HP: 19/19 MP: 1/1
   158 | D:1      | Reached XP level 2. HP: 27/27 MP: 3/3
   679 | D:2      | Found Zodo's Assorted Antiques.
   679 | D:2      | Found Xuimir's Book Shoppe.
   679 | D:2      | Found Vegiq's Antique Weapon Shoppe.
   805 | D:2      | Reached XP level 3. HP: 29/35 MP: 4/4
  1223 | D:2      | Found Vugrug's Armour Shop.
  1249 | D:2      | Found Mablun's Assorted Antiques.
  1255 | D:2      | Noticed an ogre
  1277 | D:2      | Killed an ogre
  1278 | D:2      | Reached skill level 3 in Unarmed Combat
  1278 | D:2      | Reached XP level 4. HP: 38/42 MP: 5/5
  1449 | D:3      | Reached XP level 5. HP: 48/49 MP: 6/6
  1455 | D:3      | Identified the -4 cloak of Past Mistakes {Drain Fly rC+
                  | Int+6}
  1539 | D:3      | Found a shimmering blue altar of Sif Muna.
  1575 | D:3      | HP: 2/49 [gnoll/+2 hand axe (6)]
  1577 | D:3      | Slain by a gnoll

Illustrated notes

Levels and vault maps discovered:
D:1:      nicolae_arrival_memento_mori, layout_basic,
          hangedman_decor_peaks_small, nicolae_figureground_sparkle
D:2:      layout_loops_ring, serial_shops, shop, nicolae_shop_waterfront, shop,
          shop, nicolae_shop_behind_doors, corner_web_ring
D:3:      layout_basic, nzn_overflow_gifts_of_might_and_magic,
          mainiacjoe_overflow_concentric_impassable, uniq_terence

Skill      XL: |  1  2  3 |
---------------+----------+-----
Dodging        | 2 |  2.8
Unarmed Combat | 3 |  3.5
Fighting       | |  1.9
Throwing       | |  0.9
Spellcasting   | |  1.4
Translocations | |  2.7

Action                   |  1- 3 |  4- 6 || total
-------------------------+-------+-------++-------
Melee: Unarmed           |    86 |    24 ||   110
       Punch             |     1 |       ||     1
 Stab: Sleeping          |     1 |       ||     1
Armor: Robe              |    31 |     7 ||    38
Dodge: Dodged            |    44 |     9 ||    53

Table legend: (Time is in decaauts)
 A = Elapsed time spent in this place.
 B = Non-inter-level travel time spent in this place.
 C = Inter-level travel time spent in this place.
 D = Time resting spent in this place.
 E = Time spent auto-exploring this place.
 F = Levels seen in this place.
 G = Mean time per level.
                   A        B        C        D        E       F      G
               +--------+--------+--------+--------+--------+-----+--------+
         Total |   1570 |   1530 |     40 |      0 |    985 |   3 |  523.3 |
       Dungeon |   1570 |   1530 |     40 |      0 |    985 |   3 |  523.3 |
               +--------+--------+--------+--------+--------+-----+--------+

Top non-repeatable levels by time:
     D:2: 729 daAuts
     D:1: 677 daAuts
     D:3: 163 daAuts
